 Dungeon Crawl Stone Soup version 0.23.2-30-g0e89c35649 (webtiles) character file.

Game seed: 10644143206498414450

24 redwoodhats the Caller (level 3, 0/24 HPs)
             Began as a Barachi Summoner on June 17, 2019.
             Killed by nerve-wracking pain
             ... invoked by Jessica
              (7 damage)
             ... on level 2 of the Dungeon.
             The game lasted 00:08:29 (973 turns).

redwoodhats the Caller (Barachi Summoner)            Turns: 973, Time: 00:08:29

Health: 0/24       AC:  3    Str:  9    XL:     3   Next: 2%
Magic:  0/7        EV: 12    Int: 16    God:
Gold:   67         SH:  0    Dex: 12    Spells: 6/7 levels left

rFire    . . .     SeeInvis .   (no weapon)
rCold    . . .     Gourm    .   (no shield)
rNeg     . . .     Faith    .   a - +1 robe
rPois    .         Spirit   .   (no helmet)
rElec    .         Reflect  .   (no cloak)
rCorr    .         Harm     .   (no gloves)
MR       .....                  (no boots)
Stlth    ++........             (no amulet)
HPRegen  0.08/turn              (no ring)
MPRegen  0.10/turn              (no ring)

@: slow
A: +LOS, swims, slowness 1, strong legs 1
a: Hop


You were on level 2 of the Dungeon.
You were not hungry.

You visited 1 branch of the dungeon, and saw 2 of its levels.

You collected 67 gold pieces.

Inventory:

Armour
 a - a +1 robe (worn)
Jewellery
 e - an uncursed ring of see invisible
Scrolls
 b - a scroll of remove curse {unknown}
Comestibles
 c - 5 rations


   Skills:
 + Level 0.3 Fighting
 + Level 2.2 Dodging
 + Level 1.9 Stealth
 + Level 2.7 Spellcasting
 + Level 5.4 Summonings


You had 6 spell levels left.
You knew the following spells:

 Your Spells              Type           Power        Failure   Level  Hunger
a - Summon Small Mammal   Summ           ###.         1%          1    #......

Your spell library contained the following spells:

 Spells                   Type           Power        Failure   Level  Hunger
 Call Imp                 Summ           ###.....     3%          2    ##.....
 Call Canine Familiar     Summ           ###.....     6%          3    ###....
 Summon Guardian Golem    Hex/Summ       ##......     19%         3    ###....
 Summon Ice Beast         Ice/Summ       ##......     54%         4    #####..
 Summon Lightning Spire   Summ/Air       ##......     54%         4    #####..


Dungeon Overview and Level Annotations

Branches:
Dungeon (2/15)

Altars:

Annotations:
D:2 Jessica


Innate Abilities, Weirdness & Mutations

Shadows flee at your approach. (+LOS)
You can swim through water.
You cover ground slowly.
You can hop short distances.


Message History

Jessica mumbles some strange words.
Jessica blinks!
Casting: Summon Small Mammal (safe; 1% risk of failure)
Confirm with . or Enter, or press ? or * to list all spells.
Your quokka bites the hobgoblin.
The hobgoblin dies!
Jessica points at you and mumbles some strange words.
Pain shoots through your body!
* * * LOW HITPOINT WARNING * * *
Your quokka barely misses Jessica.
Jessica misses your quokka.
Your quokka bites Jessica but does no damage.
Jessica points at your quokka and mumbles some strange words.
Your quokka writhes in agony.
Your quokka dies!
Your quokka's corpse disappears in a puff of smoke!
You hit Jessica but do no damage.
Jessica is almost dead.
Jessica gestures at you while chanting. Pain shoots through your body!
You die...

##......##########.#
.................#.#
######
##......########.#.#
...... #..[...#
#...#.......
#......#
##.(#).......
#......#
#..#........
#......#
##.#........
########
#####.........
#.@@..........
#)###......... #.#
#@#..##### #@#
#.#..# #.# #....#
#.# ##...#
#.####.#.#
#....g.#.#
######...#


You could see Jessica.

Vanquished Creatures
  An adder (D:2)
  A giant cockroach (D:1)
2 creatures vanquished.

Vanquished Creatures (collateral kills)
  2 dart slugs
  A giant cockroach (D:2)
  2 goblins (D:2)
  A hobgoblin (D:2)
  2 jackals (D:1)
  2 kobolds
  A ball python (D:1)
  5 bats (D:1)
  6 rats
22 creatures vanquished.

Grand Total: 24 creatures vanquished

Notes
Turn   | Place    | Note
-------+----------+-------------------------------------------
     0 | D:1      | redwoodhats the Barachi Summoner began the quest for the
                  | Orb.
     0 | D:1      | Reached XP level 1. HP: 13/13 MP: 3/3
   182 | D:1      | Reached skill level 5 in Summonings
   338 | D:1      | Reached XP level 2. HP: 15/19 MP: 1/5
   868 | D:2      | Found a faded altar of an unknown god.
   935 | D:2      | Noticed Jessica
   949 | D:2      | Reached XP level 3. HP: 15/24 MP: 1/6
   973 | D:2      | Killed from afar by Jessica

Skill      XL: |  1 |
---------------+----+-----
Summonings     | 5 |  5.4
Fighting       | |  0.3
Dodging        | |  2.2
Stealth        | |  1.9
Spellcasting   | |  2.7

Action                   || total
-------------------------++-------
Melee: Unarmed           ||    12
 Cast: Summon Small Mamm ||    41
  Use: Scroll            ||     6
       Potion            ||     2
  Eat: Ration            ||     1
Armor: Robe              ||    14
Dodge: Dodged            ||    50
